 Seeded DCSS version 0.30-a0-949-g53dc5368d7 (webtiles) character file.

Game seed: 5778068857056780342 (custom seed)

95 GigaChad the Shield-Bearer (level 4, 37/37 HPs)
             Began as a Formicid Fighter on Mar 27, 2023.
             Quit the game on level 3 of the Dungeon.
             The game lasted 00:03:24 (1723 turns).

GigaChad the Shield-Bearer (Formicid Fighter)       Turns: 1723, Time: 00:03:24

Health: 37/37      AC: 17    Str: 22    XL:     4   Next: 97%
Magic:  4/4        EV:  3    Int:  8    God:
Gold:   122        SH:  5    Dex: 13    Spells: 3/3 levels left

rFire   . . .      SeeInvis +    a - +0 war axe
rCold   . . .      Faith    .    c - +0 buckler
rNeg    . . .      Spirit   .    m - +0 crystal plate armour
rPois   .          Reflect  .    (helmet unavailable)
rElec   .          Rampage  .    r - +0 cloak
rCorr   .                        (no gloves)
Will    .....                    (no boots) Stlth
                                 (no amulet)
HPRegen 0.26/turn                (no ring)
MPRegen 0.09/turn                (no ring)

@: no status effects
A: permanent stasis, dig shafts and tunnels, antennae 3, four strong arms
a: Dig, Shaft Self


You were on level 3 of the Dungeon.
You visited 1 branch of the dungeon, and saw 3 of its levels.

You collected 122 gold pieces.

Inventory:

Hand Weapons
 a - a +0 war axe (weapon)
Armour
 b - a +0 scale mail
 c - a +0 buckler (worn)
 m - a +0 crystal plate armour (worn)
 r - a +0 cloak (worn)
Scrolls
 f - 3 scrolls of identify {unknown}
 g - a scroll of immolation {unknown}
 l - a scroll of noise {unknown}
 o - a scroll of fog {unknown}
 p - a scroll of teleportation {unknown}
 q - a scroll of poison {unknown}
Potions
 d - a potion of might
 e - a potion of attraction {unknown}
 h - 2 potions of curing {unknown}
 i - 2 potions of cancellation {unknown}
 j - a potion of ambrosia {unknown}
 k - a potion of flight {unknown}
 n - 2 potions of haste {unknown}


   Skills:
 + Level 3.7 Fighting
 + Level 3.6 Axes
 + Level 3.7 Armour
 + Level 0.3 Dodging
 + Level 4.5 Shields


You had 3 spell levels left.
You didn't know any spells.
Your spell library contained the following spells:

 Spells                   Type           Power      Damage    Failure   Level
 Cigotuvi's Dreadful Rot  Necr/Pois/Air  0%         N/A       100%        2
 Poisonous Vapours        Pois/Air       0%         N/A       100%        2
 Mephitic Cloud           Conj/Pois/Air  0%         N/A       100%        3


Dungeon Overview and Level Annotations

Branches:
Dungeon (3/15)

Altars:


Innate Abilities, Weirdness & Mutations

You cannot be hasted, slowed, berserked, paralysed or teleported.
You can dig through walls and to a lower floor.
You have a pair of large antennae on your head. (SInv)
Your four strong arms can wield two-handed weapons with a shield.


Message History

You slash the bat!
You kill the bat!
Done exploring.
Done exploring.
No target in view!
No target in view!
Done exploring.
There is a stone staircase leading down here.
You climb downwards.
There is a stone staircase leading up here.
p - a scroll labelled PIEDWO GIUMI You sense a monster nearby.
Key pressed, stopping explore.
No target in view!
Found 3 poisoned darts.
No target in view!
q - a scroll labelled UKKOZAAJOA You see here a +0 cloak.
No target in view!
Key pressed, stopping explore.
No target in view!
Key pressed, stopping explore.
No target in view!
No target in view!
No target in view!
No target in view!
You see here a +0 cloak.
r - a +0 cloak You start putting on your armour.
You continue putting on your +0 cloak. x4
You finish putting on your +0 cloak.
Welcome back, GigaChad the Formicid Fighter.
Game seed: 5778068857056780342 (custom seed) Press ? for a list of commands and other information.
A giant cockroach comes into view.
You barely miss the giant cockroach.
The giant cockroach bites you but does no damage. x2
You hit the giant cockroach.
You kill the giant cockroach!
Char dumped successfully.
Are you sure you want to abandon this character and quit the game? (Confirm with "yes".)

#.#..#.#.# #.# #.#..#.#.#
#####.# #.#..#.#.# #.....#
##.#..#.#.# #.##..#
#.....#.#.#####.#...#
#.....#.......#.#.#.#
####.........###.#.#.#.##
###.....#.########.#.#....#
#.......#.(...@....#.#.####
#.......############.#...#
.....##..............#.#.#
..... ################.#.#
.... #.#.# #... ######.#.#
... { #<.....#.# ########.#
.#


There were no monsters in sight!

Vanquished Creatures
  5 adders (D:2)
  A worm (D:2)
  4 dart slugs
  5 bats
  4 endoplasms
  4 giant cockroaches
  3 jackals (D:1)
  2 kobolds (D:1)
  A quokka (D:1)
  5 ball pythons
  2 frilled lizards
  3 goblins
  5 rats
44 creatures vanquished.

Notes
Turn   | Place    | Note
-------+----------+-------------------------------------------
     0 | D:1      | GigaChad the Formicid Fighter began the quest for the Orb.
     0 | D:1      | Reached XP level 1. HP: 18/18 MP: 1/1
   162 | D:1      | Reached XP level 2. HP: 15/24 MP: 2/2
   382 | D:1      | Reached XP level 3. HP: 30/30 MP: 3/3
   809 | D:2      | Reached XP level 4. HP: 21/37 MP: 4/4
  1297 | D:2      | Found a faded altar of an unknown god.
  1723 | D:3      | Quit the game

Illustrated notes

Levels and vault maps discovered:
D:1:      minmay_arrival_statue_studded, layout_basic, minmay_misc_feat_cross,
          minivault_23, chequers_serial_rivers_micro_c, minmay_curled_crystal
D:2:      layout_loops_corners, dreamdust_ecumenical_altar_statues,
          minmay_small_reverse_x
D:3:      layout_basic, minmay_box_of_dots

Skill      XL: |  1  2  3  4 |
---------------+-------------+-----
Axes           | 3 |  3.6
Fighting       | |  3.7
Armour         | |  3.7
Dodging        | |  0.3
Shields        | |  4.5

Action                     |  1- 3 |  4- 6 || total
---------------------------+-------+-------++-------
  Melee: War axe           |    62 |    35 ||    97
 Armour: Scale mail        |    34 |       ||    34
         Crystal plate arm |       |    30 ||    30
  Dodge: Dodged            |    29 |     5 ||    34
  Block: Buckler           |    17 |     9 ||    26

Table legend: (Time is in decaauts)
 A = Elapsed time spent in this place.
 B = Non-inter-level travel time spent in this place.
 C = Inter-level travel time spent in this place.
 D = Time resting spent in this place.
 E = Time spent auto-exploring this place.
 F = Levels seen in this place.
 G = Mean time per level.
                   A        B        C        D        E       F      G
               +--------+--------+--------+--------+--------+-----+--------+
         Total |   1761 |   1737 |     24 |      0 |   1410 |   3 |  587.0 |
       Dungeon |   1761 |   1737 |     24 |      0 |   1410 |   3 |  587.0 |
               +--------+--------+--------+--------+--------+-----+--------+

Top non-repeatable levels by time:
     D:2: 1006 daAuts
     D:1: 664 daAuts
     D:3: 91 daAuts
